 Dungeon Crawl Stone Soup version 0.29-a0-72-g1732ff48e7 (webtiles) character file.

Game seed: 16538250222177072609

4 Hubjo the Sneak (level 1, -3/13 HPs)
             Began as a Vampire Enchanter on Feb 3, 2022.
             Slain by a hobgoblin (5 damage)
             ... on level 1 of the Dungeon.
             The game lasted 00:00:18 (118 turns).

Hubjo the Sneak (Vampire Enchanter)                  Turns: 118, Time: 00:00:18

Health: -3/13      AC:  2    Str:  7    XL:     1   Next: 50%
Magic:  3/3        EV: 12    Int: 17    God:
Gold:   0          SH:  0    Dex: 14    Spells: 4/4 levels left

rFire   . . .      SeeInvis +   a - +1 dagger
rCold   . . .      Faith    .   (no shield)
rNeg    . . .      Spirit   .   b - +0 robe
rPois   .          Reflect  .   (no helmet)
rElec   .          Harm     .   (no cloak)
rCorr   .          Rampage  .   (no gloves)
Will    .....                   (no boots)
Stlth   +++.......              (no amulet)
HPRegen 0.24/turn               (no ring)
MPRegen 0.08/turn               (no ring)

@: healing quickly
A: alive, fangs 3, see invisible, vampiric 1
a: Exsanguinate


You were on level 1 of the Dungeon.
You visited 1 branch of the dungeon, and saw 1 of its levels.

Inventory:

Hand Weapons
 a - a +1 dagger (weapon)
Armour
 b - a +0 robe (worn)
Potions
 c - a potion of invisibility


   Skills:
 * Level 0.1 Fighting
 + Level 1.2 Short Blades
 + Level 2.2 Dodging
 * Level 4.6 Stealth
 - Level 2.0 Spellcasting
 + Level 4.4 Hexes


You had 4 spell levels left.
You didn't know any spells.
Your spell library contained the following spells:

 Spells                   Type           Power      Damage    Failure   Level
 Confusing Touch          Hex            16%        N/A       10%         3
 Tukima's Dance           Hex            16%        N/A       10%         3
 Ensorcelled Hibernation  Hex/Ice        18%        N/A       12%         2
 Dazzling Flash           Conj/Hex       18%        N/A       24%         3


Dungeon Overview and Level Annotations

Branches:
Dungeon (1/15)

Altars:


Innate Abilities, Weirdness & Mutations

Your natural rate of healing is accelerated.
You have razor-sharp teeth.
You have supernaturally acute eyesight. (SInv)
You are afflicted with vampirism.


Message History

A hobgoblin comes into view.
The hobgoblin shouts!
You hear a shout!
You hit the hobgoblin.
The hobgoblin is heavily wounded.
You barely miss the hobgoblin.
The hobgoblin is heavily wounded.
The hobgoblin hits you.
You closely miss the hobgoblin.
The hobgoblin is heavily wounded.
The hobgoblin closely misses you. The giant cockroach closely misses you.
You hit the hobgoblin. Your bite misses the hobgoblin.
The hobgoblin is almost dead.
The hobgoblin barely misses you. The giant cockroach misses you.
You closely miss the hobgoblin.
The hobgoblin is almost dead.
The giant cockroach barely misses you. The hobgoblin hits you.
You barely miss the hobgoblin.
The hobgoblin is almost dead.
The giant cockroach closely misses you. The hobgoblin closely misses you.
You closely miss the hobgoblin.
The hobgoblin is almost dead.
The giant cockroach bites you. The hobgoblin closely misses you.
The giant cockroach closely misses you.
You completely miss the hobgoblin.
You bite the hobgoblin, but do no damage.
The hobgoblin is almost dead.
The hobgoblin hits you. The giant cockroach misses you.
You completely miss the hobgoblin.
The hobgoblin is almost dead.
The hobgoblin closely misses you. The giant cockroach closely misses you.
You closely miss the hobgoblin.
The hobgoblin is almost dead.
The giant cockroach barely misses you. The hobgoblin hits you.
* * * LOW HITPOINT WARNING * * *
You hit the hobgoblin but do no damage.
The hobgoblin is almost dead.
The giant cockroach bites you.
* * * LOW HITPOINT WARNING * * *
The hobgoblin hits you.
You die...

....#. #.#
........###.### ##
#....#..#.....# ..
........#.#.#.##.#
#..#...#.#......#
.........#.#.###
..##...#........#
............###.#
#..#.g@.#..# #.# #
......B.....###.#####..#
#....#.................#
........................
......#.....##..#####.##
.. .........##..# #.# .
...###....##..#####.#
.... ....##........#
...###..####.##


You could see a giant cockroach and a hobgoblin.

Vanquished Creatures
  An endoplasm (D:1)
  A hobgoblin (D:1)
  A quokka (D:1)
3 creatures vanquished.

Notes
Turn   | Place    | Note
-------+----------+-------------------------------------------
     0 | D:1      | Hubjo the Vampire Enchanter began the quest for the Orb.
     0 | D:1      | Reached XP level 1. HP: 13/13 MP: 3/3
   118 | D:1      | Slain by a hobgoblin

Illustrated notes

Levels and vault maps discovered:
D:1:      sevenhm_arrival_forest_fort_large_1, layout_loops_ring,
          hellmonk_ecumenical_altar_lost_god, kennysheep_nondescript,
          hangedman_glass_teeth, chequers_serial_rivers_micro_a,
          palyth_stone_intersect, minmay_misc_feat_columns,
          minmay_misc_feat_more_columns

Action                   || total
-------------------------++-------
Melee: Dagger            ||    21
       Bite              ||     2
Armor: Robe              ||     1
Dodge: Dodged            ||    19

Table legend: (Time is in decaauts)
 A = Elapsed time spent in this place.
 B = Non-inter-level travel time spent in this place.
 C = Inter-level travel time spent in this place.
 D = Time resting spent in this place.
 E = Time spent auto-exploring this place.
 F = Levels seen in this place.
 G = Mean time per level.
                   A        B        C        D        E       F      G
               +--------+--------+--------+--------+--------+-----+--------+
         Total |    118 |    118 |      0 |      0 |     87 |   1 |  118.0 |
       Dungeon |    118 |    118 |      0 |      0 |     87 |   1 |  118.0 |
               +--------+--------+--------+--------+--------+-----+--------+

Top non-repeatable levels by time:
     D:1: 118 daAuts
